Cogmind - Beta 9.3 *** ADVENTURER MODE // 2020.01.04 @ 00:16:00 // Winter2019/RPGLIKE Player: BW-032 Result: Destroyed by S-27 Virus with Autogun Performance ------------- Evolutions (3) 1500 Regions Visited (9) 1800 Robots Destroyed (3) 15 Value Destroyed (11) 11 Prototype IDs (0) 0 Alien Tech Used (0) 0 Bonus (413) 413 TOTAL SCORE: 3739 Bonus ------- Follower Combat Kills 113 Aligned with FarCom 300 Cogmind --------- Core Integrity 0/1500 Matter 300/300 Energy 100/100 System Corruption 0% Temperature Cool (0) Movement Core (50) Location -7/Factory Parts ------- > --- POWER (2) -------- (None) > --- PROPULSION (2) --- (None) > --- UTILITY (2) ------ (None) > --- WEAPON (2) ------- (None) > --- INVENTORY (4) ---- (None) Peak State ------------ None Favorites ----------- Power None Propulsion None Utility None Weapon None Build | -11 -10 -10 -9 -9 -9 -8 -8 -8 -7 ------- Run | Scr Mat Min Mat Min Exi Min Mat Sto Fac Slots Evolved 4 | . . . . . . . . . 4 Power 1 | . . . . . . . . . 1 Propulsion 1 | . . . . . . . . . 1 Utility 1 | . . . . . . . . . 1 Weapon 1 | . . . . . . . . . 1 Parts Attached . | . . . . . . . . . . Power . | . . . . . . . . . . Engine . | . . . . . . . . . . Core . | . . . . . . . . . . Reactor . | . . . . . . . . . . Propulsion . | . . . . . . . . . . Treads . | . . . . . . . . . . Leg . | . . . . . . . . . . Wheel . | . . . . . . . . . . Hover . | . . . . . . . . . . Flight . | . . . . . . . . . . Utility . | . . . . . . . . . . Device . | . . . . . . . . . . Storage . | . . . . . . . . . . Processor . | . . . . . . . . . . Hackware . | . . . . . . . . . . Protection . | . . . . . . . . . . Artifact . | . . . . . . . . . . Weapon . | . . . . . . . . . . Energy Gun . | . . . . . . . . . . Energy Cannon . | . . . . . . . . . . Ballistic Gun . | . . . . . . . . . . Ballistic Cannon . | . . . . . . . . . . Launcher . | . . . . . . . . . . Special Weapon . | . . . . . . . . . . Impact Weapon . | . . . . . . . . . . Slashing Weapon . | . . . . . . . . . . Piercing Weapon . | . . . . . . . . . . Special Melee Weapon . | . . . . . . . . . . Unidentified Prototypes . | . . . . . . . . . . Parts Lost . | . . . . . . . . . . Power . | . . . . . . . . . . Propulsion . | . . . . . . . . . . Utility . | . . . . . . . . . . Weapon . | . . . . . . . . . . Highest Loss Streak . | . . . . . . . . . . Average Slot Usage (%) . | . . . . . . . . . . Naked Turns 3395 | . 29 450 4 1903 279 182 103 181 264 Heaviest Build . | . . . . . . . . . . Greatest Support 3 | 3 3 3 3 3 3 3 3 3 3 Greatest Overweight (x) . | . . . . . . . . . . Average Overweight (x) . | . . . . . . . . . . Largest Inventory Capacity 4 | . . . . . . . . . 4 Average Capacity . | . . . . . . . . . 3 Most Carried . | . . . . . . . . . . Average Carried . | . . . . . . . . . . Final Capacity 4 | . . . . . . . . . 4 Final Carried . | . . . . . . . . . . Class Distribution -------------------- 100% | Mutant Dominant Class ---------------- Mutant | -10/Materials Mutant | -10/Mines Mutant | -9/Materials Mutant | -9/Mines Mutant | -9/Exiles Mutant | -8/Mines Mutant | -8/Materials Mutant | -8/Storage Mutant | -7/Factory Resources | -11 -10 -10 -9 -9 -9 -8 -8 -8 -7 ----------- Run | Scr Mat Min Mat Min Exi Min Mat Sto Fac Matter Collected 200 | 200 . . . . . . . . . Remotely . | . . . . . . . . . . Salvage Created 124 | . . 16 . . . . . . 108 Parts 5 | . . . . . . . . . 5 Haulers Intercepted . | . . . . . . . . . . Recyclers Shooed . | . . . . . . . . . . Parts Field Recycled . | . . . . . . . . . . Retrieved Matter . | . . . . . . . . . . Parts Self-Destructed . | . . . . . . . . . . Prevented . | . . . . . . . . . . Kills | -11 -10 -10 -9 -9 -9 -8 -8 -8 -7 ------- Run | Scr Mat Min Mat Min Exi Min Mat Sto Fac Combat Hostiles Destroyed 1 | . . 1 . . . . . . . Melee 1 | . . 1 . . . . . . . Classes Destroyed 3 | . . 1 . . . . . . 2 Builder 1 | . . . . . . . . . 1 Recycler 1 | . . . . . . . . . 1 Assembled 1 | . . 1 . . . . . . . Best Kill Streak 2 | . . 1 . . . . . . 2 Combat Bots Only 1 | . . 1 . . . . . . . Max Kills in Single Turn 1 | . . 1 . . . . . . 1 Gunslinging . | . . . . . . . . . . Exploded . | . . . . . . . . . . Melee 1 | . . 1 . . . . . . . Uniques/NPCs Destroyed . | . . . . . . . . . . Combat | -11 -10 -10 -9 -9 -9 -8 -8 -8 -7 -------- Run | Scr Mat Min Mat Min Exi Min Mat Sto Fac Damage Taken 1967 | . . 793 . 134 . . 84 380 576 Core 1967 | . . 793 . 134 . . 84 380 576 Absorbed by Shields . | . . . . . . . . . . Core Remaining (%) 50 | 100 . 6 . . . 57 . 37 . Volleys Fired . | . . . . . . . . . . Largest . | . . . . . . . . . . Hottest . | . . . . . . . . . . Shots Fired . | . . . . . . . . . . Gun . | . . . . . . . . . . Cannon . | . . . . . . . . . . Launcher . | . . . . . . . . . . Special . | . . . . . . . . . . Kinetic . | . . . . . . . . . . Thermal . | . . . . . . . . . . Explosive . | . . . . . . . . . . Electromagnetic . | . . . . . . . . . . Robot Hit Streak . | . . . . . . . . . . Robot Miss Streak . | . . . . . . . . . . Penetration Max . | . . . . . . . . . . Secondary Targets . | . . . . . . . . . . Shots Hit Robots . | . . . . . . . . . . Core Hits 21 | . . 8 . . . . . 6 7 Critical Hits . | . . . . . . . . . . Critical Kills . | . . . . . . . . . . Critical Parts Destroyed . | . . . . . . . . . . Melee Attacks . | . . . . . . . . . . Impact . | . . . . . . . . . . Slashing . | . . . . . . . . . . Piercing . | . . . . . . . . . . Sneak Attacks . | . . . . . . . . . . Combat Hostiles . | . . . . . . . . . . Follow-up Attacks . | . . . . . . . . . . Damage Inflicted 190 | . . 32 . . . . . 63 95 Guns . | . . . . . . . . . . Cannons . | . . . . . . . . . . Explosions . | . . . . . . . . . . Melee . | . . . . . . . . . . Ramming 190 | . . 32 . . . . . 63 95 Kinetic . | . . . . . . . . . . Thermal . | . . . . . . . . . . Explosive . | . . . . . . . . . . Electromagnetic . | . . . . . . . . . . Impact . | . . . . . . . . . . Slashing . | . . . . . . . . . . Piercing . | . . . . . . . . . . Highest Corruption . | . . . . . . . . . . Average Corruption . | . . . . . . . . . . Corruption Purged . | . . . . . . . . . . Overload Shots . | . . . . . . . . . . Overflow Damage . | . . . . . . . . . . Projectiles . | . . . . . . . . . . Explosions . | . . . . . . . . . . Melee . | . . . . . . . . . . Knockbacks . | . . . . . . . . . . Impact . | . . . . . . . . . . Kinetic . | . . . . . . . . . . Secondary . | . . . . . . . . . . Self-Inflicted Damage 85 | . . 12 . . . . . 29 44 Shots . | . . . . . . . . . . Rammed 41 | . . 13 . . . . . 15 13 Targets Rammed 41 | . . 13 . . . . . 15 13 Kicked . | . . . . . . . . . . Crushed . | . . . . . . . . . . Highest Temperature 4 | . . 4 . . . . . . . Average Temperature 4 | . . 4 . . . . . . . Received Heat Transfer 434 | . . 164 . . . . 45 189 36 Siege Activations . | . . . . . . . . . . Robots Corrupted . | . . . . . . . . . . Combat Hostiles . | . . . . . . . . . . Parts Fried . | . . . . . . . . . . Impact Corruptions . | . . . . . . . . . . Robots Melted . | . . . . . . . . . . Combat Hostiles . | . . . . . . . . . . Parts Melted . | . . . . . . . . . . Heat Transferred . | . . . . . . . . . . Parts Sabotaged . | . . . . . . . . . . Parts Stolen . | . . . . . . . . . . Parts Stripped . | . . . . . . . . . . Power Chain Reactions . | . . . . . . . . . . Missiles Intercepted . | . . . . . . . . . . Alert | -11 -10 -10 -9 -9 -9 -8 -8 -8 -7 ------- Run | Scr Mat Min Mat Min Exi Min Mat Sto Fac Peak Influence 121 | . 4 121 4 91 . . 60 50 111 Average Influence 18 | . 1 44 4 10 . . 13 27 46 Maximum Alert Level . | . . . . . . . . . . Low Security (%) 100 | 100 100 100 100 100 . 100 100 100 100 Level 1 . | . . . . . . . . . . Level 2 . | . . . . . . . . . . Level 3 . | . . . . . . . . . . Level 4 . | . . . . . . . . . . Level 5 . | . . . . . . . . . . High Security . | . . . . . . . . . . Max Security . | . . . . . . . . . . Squads Dispatched 11 | . . . . 1 . . 2 3 5 Investigation 5 | . . . . 1 . . . 1 3 Extermination . | . . . . . . . . . . Reinforcement 6 | . . . . . . . 2 2 2 Assault . | . . . . . . . . . . Garrison . | . . . . . . . . . . Intercept . | . . . . . . . . . . Construction Impeded . | . . . . . . . . . . Haulers Reinforced . | . . . . . . . . . . Stealth | -11 -10 -10 -9 -9 -9 -8 -8 -8 -7 --------- Run | Scr Mat Min Mat Min Exi Min Mat Sto Fac Distress Signals 3 | . . 1 . . . . . 2 . Communications Jammed . | . . . . . . . . . . Distress Signals . | . . . . . . . . . . Times Spotted 107 | . 3 38 . 16 . 3 13 18 16 Peak Tracking Total 17 | . 3 16 . 4 . 3 14 17 10 Tactical Retreats 12 | . . 8 . . . . 1 1 2 Traps | -11 -10 -10 -9 -9 -9 -8 -8 -8 -7 ------- Run | Scr Mat Min Mat Min Exi Min Mat Sto Fac Traps Triggered 4 | . . . . . . . . 2 2 Indirectly . | . . . . . . . . . . Trap Hack Attempts . | . . . . . . . . . . Triggered . | . . . . . . . . . . Disarmed . | . . . . . . . . . . Reprogrammed . | . . . . . . . . . . Reused . | . . . . . . . . . . Traps Extracted . | . . . . . . . . . . Installed . | . . . . . . . . . . Triggered . | . . . . . . . . . . Machines | -11 -10 -10 -9 -9 -9 -8 -8 -8 -7 ---------- Run | Scr Mat Min Mat Min Exi Min Mat Sto Fac Machines Disabled . | . . . . . . . . . . Max in Single Turn . | . . . . . . . . . . Machines Sabotaged . | . . . . . . . . . . Garrisons Compromised . | . . . . . . . . . . Overloaded Fab Kills . | . . . . . . . . . . Fab Network Shutdowns . | . . . . . . . . . . Hacking | -11 -10 -10 -9 -9 -9 -8 -8 -8 -7 --------- Run | Scr Mat Min Mat Min Exi Min Mat Sto Fac Machines Accessed 14 | . 1 . . 1 . . 2 6 4 Terminals 13 | . 1 . . 1 . . 2 6 3 Fabricators 1 | . . . . . . . . . 1 Repair Stations . | . . . . . . . . . . Recycling Units . | . . . . . . . . . . Scanalyzers . | . . . . . . . . . . Garrison Access . | . . . . . . . . . . Total Hacks 40 | . 2 . . 6 . . 6 17 9 Successful 18 | . 1 . . 1 . . 1 10 5 Failed 22 | . 1 . . 5 . . 5 7 4 Catastrophic 4 | . . . . 1 . . 2 . 1 Database Lockouts . | . . . . . . . . . . Manual 32 | . 1 . . 6 . . 5 12 8 Terminals 39 | . 2 . . 6 . . 6 17 8 Fabricators 1 | . . . . . . . . . 1 Repair Stations . | . . . . . . . . . . Recycling Units . | . . . . . . . . . . Scanalyzers . | . . . . . . . . . . Garrison Access . | . . . . . . . . . . Terminal Hacks 12 | . . . . 1 . . 1 7 3 Open Door 4 | . . . . . . . . 4 . Level Access Points 1 | . . . . . . . . 1 . Branch Access Points 4 | . . . . 1 . . 1 1 1 Emergency Access Points 1 | . . . . . . . . . 1 Zone Layout 2 | . . . . . . . . 1 1 Fabricator Hacks . | . . . . . . . . . . Repair Station Hacks . | . . . . . . . . . . Recycling Unit Hacks . | . . . . . . . . . . Scanalyzer . | . . . . . . . . . . Garrison Access Hacks . | . . . . . . . . . . Unauthorized Hacks 15 | . 2 . . . . . . 8 5 Terminals 6 | . 1 . . . . . . 3 2 Track 1 | . . . . . . . . 1 . Botnet 2 | . 1 . . . . . . . 1 Disrupt 2 | . . . . . . . . 2 . Operators 1 | . . . . . . . . . 1 Fabricators . | . . . . . . . . . . Repair Stations . | . . . . . . . . . . Recycling Units . | . . . . . . . . . . Scanalyzers . | . . . . . . . . . . Garrison Access . | . . . . . . . . . . Data Cores Recovered . | . . . . . . . . . . Used . | . . . . . . . . . . Hacking Detections 14 | . 1 . . 1 . . 2 6 4 Full Trace Events 4 | . . . . 1 . . . 1 2 Feedback Events . | . . . . . . . . . . Feedback Blocked . | . . . . . . . . . . Robot Schematics Acquired . | . . . . . . . . . . Robots Built . | . . . . . . . . . . Matter . | . . . . . . . . . . Time . | . . . . . . . . . . Total Robot Build Rating . | . . . . . . . . . . Part Schematics Acquired . | . . . . . . . . . . Parts Built . | . . . . . . . . . . Matter . | . . . . . . . . . . Time . | . . . . . . . . . . Total Part Build Rating . | . . . . . . . . . . Parts Repaired . | . . . . . . . . . . Time . | . . . . . . . . . . Parts Recycled . | . . . . . . . . . . Recycled Matter . | . . . . . . . . . . Retrieved Matter . | . . . . . . . . . . Retrieved Components . | . . . . . . . . . . Parts Scanalyzed . | . . . . . . . . . . Part Schematics Acquired . | . . . . . . . . . . Parts Damaged . | . . . . . . . . . . Bothacking | -11 -10 -10 -9 -9 -9 -8 -8 -8 -7 ------------ Run | Scr Mat Min Mat Min Exi Min Mat Sto Fac Used RIF Installer . | . . . . . . . . . . Robots Hacked . | . . . . . . . . . . Non-combat . | . . . . . . . . . . Combat . | . . . . . . . . . . Robot Hacks Applied . | . . . . . . . . . . Relay Couplers Released . | . . . . . . . . . . Robots Rewired . | . . . . . . . . . . Allies Hacked . | . . . . . . . . . . Hacks Repelled . | . . . . . . . . . . Allies | -11 -10 -10 -9 -9 -9 -8 -8 -8 -7 -------- Run | Scr Mat Min Mat Min Exi Min Mat Sto Fac Total Allies 4 | . . . . 4 . . . . . Largest Group 4 | . . . . 4 . . . . . Highest-Rated Group 71 | . . . . 71 . . . . . Highest-Rated Ally 31 | . . . . 31 . . . . . Total Orders 5 | . . . . . . . . 5 . FOLLOW 4 | . . . . . . . . 4 . EXPLORE 1 | . . . . . . . . 1 . Ally Attacks 40 | . . . . 40 . . . . . Total Damage 364 | . . . . 364 . . . . . Kills 7 | . . . . 7 . . . . . Allies Corrupted . | . . . . . . . . . . Allies Melted . | . . . . . . . . . . Intel | -11 -10 -10 -9 -9 -9 -8 -8 -8 -7 ------- Run | Scr Mat Min Mat Min Exi Min Mat Sto Fac Robot Analysis Total . | . . . . . . . . . . Derelict Logs Recovered 2 | . . 1 . 1 . . . . . Drone Launches 16 | . . . . . . . . 16 . Drone Recoveries . | . . . . . . . . . . Exploration | -11 -10 -10 -9 -9 -9 -8 -8 -8 -7 ------------- Run | Scr Mat Min Mat Min Exi Min Mat Sto Fac Turns Passed 3414 | 19 29 450 4 1903 279 182 103 181 264 Spaces Moved 3779 | 38 57 805 8 1020 553 340 176 291 491 Core 3779 | 38 57 805 8 1020 553 340 176 291 491 Treads . | . . . . . . . . . . Legs . | . . . . . . . . . . Wheels . | . . . . . . . . . . Hover . | . . . . . . . . . . Flight . | . . . . . . . . . . Fastest Speed 50 | 50 50 50 50 50 50 50 50 50 50 Average Speed 50 | 50 50 50 50 50 50 50 50 50 50 Slowest Speed 50 | 50 50 50 50 50 50 50 50 50 50 Overloaded Moves . | . . . . . . . . . . Propulsion Burnouts . | . . . . . . . . . . Robots Hopped . | . . . . . . . . . . Cave-ins Triggered 2 | . . 2 . . . . . . . Exploration Rate (%) 49 | 3 21 98 2 100 92 58 29 69 23 Regions Visited 9 Branch Regions 5 Pre-discovered Areas 1 | . . 1 . . . . . . . Known Exits Taken 2 | . . . . . . . 1 1 . Unknown Exits Taken 7 | 1 1 1 1 1 1 1 . . . Scrap Searched 3 | . . 2 . 1 . . . . . Spaces Dug . | . . . . . . . . . . Terrain Destroyed . | . . . . . . . . . . Melee . | . . . . . . . . . . Projectile . | . . . . . . . . . . AOE . | . . . . . . . . . . Actions | -11 -10 -10 -9 -9 -9 -8 -8 -8 -7 --------- Run | Scr Mat Min Mat Min Exi Min Mat Sto Fac Total 5292 | 37 56 851 7 2412 554 351 190 325 509 Wait 1452 | . . 34 . 1372 2 12 15 12 5 Move 3769 | 37 56 803 7 1019 552 339 175 290 491 Hop . | . . . . . . . . . . Pick Up . | . . . . . . . . . . Fast Attach . | . . . . . . . . . . Attach . | . . . . . . . . . . Detach . | . . . . . . . . . . Swap . | . . . . . . . . . . Drop . | . . . . . . . . . . Fire . | . . . . . . . . . . Melee . | . . . . . . . . . . Ram 41 | . . 13 . . . . . 15 13 Kick . | . . . . . . . . . . Crush . | . . . . . . . . . . Escape Stasis 1 | . . 1 . . . . . . . Rewire . | . . . . . . . . . . Trap . | . . . . . . . . . . Miscellaneous 29 | . . . . 21 . . . 8 . Route ------- -11/Scrapyard -10/Materials (discovered 2 exits: [*Min x2]) -10/Mines (discovered 2 exits: [*Mat x2]) -9/Materials -9/Mines (discovered 3 exits: *Mat x2 / *Exi) -9/Exiles (discovered 2 exits: [*Min x2]) -8/Mines -8/Materials (discovered 2 exits: *Sto x2) -8/Storage (discovered 2 exits: *Fac / Rec) -7/Factory (discovered 2 exits: Low x2) History --------- Turn | Location | Event 4 | -11/Scrapyard | Discovered new exit (range 13) 20 | -11/Scrapyard | Entered Materials 46 | -10/Materials | Discovered new exit (range 6) 47 | -10/Materials | Discovered new exit (range 16) 49 | -10/Materials | Entered Mines 82 | -10/Mines | Learned Materials emergency access door positions 87 | -10/Mines | Discovered new exit (range 7) 150 | -10/Mines | Assembled infested the area 155 | -10/Mines | Assisted by a Guerilla fighting off Assembled 306 | -10/Mines | Build established: Mutant 368 | -10/Mines | Core integrity fell below 50% 386 | -10/Mines | Crushed by falling debris 399 | -10/Mines | Crushed by falling debris 400 | -10/Mines | Core integrity fell below 20% 418 | -10/Mines | Learned location of Storage (-8) 420 | -10/Mines | Discovered new exit (range 6) 499 | -10/Mines | Entered Materials 499 | -9/Materials | Discovered new exit (range 7) 500 | -9/Materials | Core integrity fell below 50% 500 | -9/Materials | Core integrity fell below 20% 501 | -9/Materials | Reached level 2 501 | -9/Materials | Reached level 3 503 | -9/Materials | Entered Mines 510 | -9/Mines | Assisted by bots powering up and referring to "LRC-V3" 594 | -9/Mines | Deemed a non-threat by the Exiles lab entrance 594 | -9/Mines | Discovered new exit (range 5) 935 | -9/Mines | Joined a pair of Derelicts in attacking an 0b10 outpost 997 | -9/Mines | Discovered new exit (range 8) 1630 | -9/Mines | Assisted by bots powering up and referring to "LRC-V3" 1634 | -9/Mines | Learned location of 1 exit from Materials 1642 | -9/Mines | Reached level 4 2120 | -9/Mines | Received a Mining Laser from a helpful Derelict 2198 | -9/Mines | Discovered new exit (range 4) 2406 | -9/Mines | Entered Exiles 2414 | -9/Exiles | Discovered new exit (range 14) 2421 | -9/Exiles | Met 8R-AWN 2431 | -9/Exiles | Met EX-HEX 2459 | -9/Exiles | Met EX-DEC 2477 | -9/Exiles | Visited The Gauntlet 2573 | -9/Exiles | Discovered new exit (range 11) 2609 | -9/Exiles | Met EX-BIN 2649 | -9/Exiles | Aligned with FarCom system 2650 | -9/Exiles | Given EX-Vault access code 2685 | -9/Exiles | Entered Mines 2687 | -8/Mines | Reached level 5 2848 | -8/Mines | Discovered new exit (range 8) 2867 | -8/Mines | Entered Materials 2868 | -8/Materials | Identified exit to Storage 2869 | -8/Materials | Reached level 6 2869 | -8/Materials | Reached level 7 2970 | -8/Materials | Entered Storage 2973 | -8/Storage | Identified exit to Factory 3045 | -8/Storage | Identified exit to Recycling 3131 | -8/Storage | Core integrity fell below 50% 3151 | -8/Storage | Entered Factory 3152 | -7/Factory | Core integrity fell below 50% 3153 | -7/Factory | Reached level 8 3153 | -7/Factory | Reached level 9 3153 | -7/Factory | Reached level 10 3155 | -7/Factory | Upgraded with Power slot (x1) 3155 | -7/Factory | Upgraded with Propulsion slot (x1) 3155 | -7/Factory | Upgraded with Utility slot (x1) 3155 | -7/Factory | Upgraded with Weapon slot (x1) 3335 | -7/Factory | Core integrity fell below 20% 3389 | -7/Factory | Identified exit to Lower Caves 3415 | -7/Factory | Destroyed by S-27 Virus with Autogun Last Messages --------------- O-16 Technician: "IFF HANDSHAKE FAILED. SECURING TERMINAL." ALERT: Hostiles spotted, dispatching reinforcements to Terminal F011. Connecting with Terminal... >>Access(Branch) Found 2 branch access points: (88,176) Lower Caves (130,82) Lower Caves Map updated. Slammed into S-27 Virus. O-16 Technician: "IFF HANDSHAKE FAILED. SECURING TERMINAL." ALERT: Hostiles spotted, dispatching reinforcements to Terminal F014. Connecting with Terminal... >>Layout(Zone) Retrieving Zone 7G layout... Downloaded map data. >>Access(Emergency) No emergency access doors found in local area. ALERT: Suspicious activity at Terminal F018. Dispatching Investigation squad. Slammed into S-27 Virus. Map ----- +----------------------------------------------------+ | """""" # #?????????????????????????????? | | """""" # #?????????????????????????????? | | """""" # #?????????????????????????????? | | """"""%# #?????????????????????????????? | | %# #?????????????????????????????? | | ######/# #########?????????????????????? | | % ?????????????????????? | | ?????????????????????? | | ?????????????????????? | | ######## ?????????????????????? | | ???????# ###?????????????????????????? | | ???????# #???########+#+############## | | ???????# #???????# T #??????? | | ???????# #???????#o #??????? | | ###????+ g g #???????# """""" #??????? | | #????# #???????# """""" #??????? | | #????# l ######### """""" #??????? | | =#????###+##### + """""" #??????? | | #??????o ???# ## #??????? | | !#????????????##+### ## """""" #??????? | | ##??????????????????# ## """""" #??????? | | ????????????????????# s ## """""" #??????? | | ????????????????????# ## """""" #??????? | | ????????????????????# ## #??????? | | ????????????????????# s ###############??????? | | ????????????????????# @% ###### #???????????? | | ????????????????????# s% T #???????????? | | ????????????????????############## #???????????? | | ?????????????????????????????????#####???????????? | | ?????????????????????????????????????????????????? | | ?????????????????????????????????????????????????? | | ?????????????????????????????????????????????????? | | ?????????????????????????????????????????????????? | | ?????????????????????????????????????????????????? | | ?????????????????????????????????????????????????? | | ?????????????????????????????????????????????????? | | ?????????????????????????????????????????????????? | | ?????????????????????????????????????????????????? | | ?????????????????????????????????????????????????? | | ?????????????????????????????????????????????????? | | ?????????????????????????????????????????????????? | | #########????????????????????????????????????????? | | ###### ?????????????????????????????????? | | ?????????????????????????????????? | | ?????????????????????????????????? | | """ ##?????????????????????????????????? | | ! """ ???????????????????????>?????????? | | """ #?????????????????????????????????? | | #?????????????????????????????????? | | """ #?????????????????????????????????? | +----------------------------------------------------+ Best States ------------- Heat Dissipation 37 Energy Generation 5 Energy Capacity 100 Matter Stores 300 Matter Capacity 300 Sight Range 17 Robot Scan Range 6 Terrain Scan Density 110 Resistance: KI 40 Resistance: TH 40 Resistance: EX 40 Resistance: EM 20 Resistance: I 20 Resistance: S 20 Resistance: P 20 Evasion (%) 50 Offensive Hacking 10 Item Schematics ----------------- None Robot Schematics ------------------ None Fabricated ------------ Nothing Alien Tech Used ----------------- None Achievements -------------- None Challenges ------------ None RPGLIKE | -11 -10 -10 -9 -9 -9 -8 -8 -8 -7 --------- Run | Scr Mat Min Mat Min Exi Min Mat Sto Fac Levels Raised 9 | . . . 2 1 . 1 2 . 3 XP Earned 17831 | 4000 . 500 3292 1599 350 1095 2533 1100 3362 XP Spent 17475 | . 3500 500 . 4325 170 1300 3180 . 4500 Upgrades 55 | . 7 9 . 13 2 3 13 . 8 Power Slot 1 | . . . . . . . . . 1 Propulsion Slot 1 | . . . . . . . . . 1 Utility Slot 1 | . . . . . . . . . 1 Weapon Slot 1 | . . . . . . . . . 1 Core Integrity 18 | . . 5 . 5 . . 8 . . Heat Dissipation 2 | . . 1 . . 1 . . . . Inventory Capacity 4 | . . . . . . . . . 4 Sight Range 1 | . . . . . 1 . . . . Sensor Range 3 | . . 3 . . . . . . . Terrain Scan Density 1 | . . . . . . . 1 . . KI Resistance % 4 | . . . . 1 . 1 2 . . TH Resistance % 4 | . . . . 3 . 1 . . . EX Resistance % 4 | . . . . 1 . 1 2 . . KI Damage % 4 | . 2 . . 2 . . . . . TH Damage % 4 | . 4 . . . . . . . . EX Damage % 2 | . 1 . . 1 . . . . . Protomatter Created . | . . . . . . . . . . Integrity Restored 459 | . . . . 459 . . . . . Core 459 | . . . . 459 . . . . . Protomatter Decayed 328 | . . 162 . 108 . . . 58 . Game ------ Seed CompactRocketPrototype Manual? 0 Play Time 00:38:54 Cumulative 132.1 hours Start 2020.01.03 @ 23:41:51 End 2020.01.04 @ 00:16:00 Sessions 1 Manual Loads 0 Difficulty Adventurer Special Mode Winter2019/RPGLIKE Game No. 57 Rogue 49 Adventurer 8 Explorer 0 Win Type - Total 0 Types 0/0/0/0/0/0/0 Lore% 44 Gallery% 53 Achievement% 42 Wizard Run 0 Options --------- ASCII 0 Keyboard 0 Movement Mouse Keybinds 0 Fullscreen 1 Font 18/SmallcapsGlow Map View 76x50 Tactical HUD 0 Map Filters NONE Filters NONE Steam 1 RUN: 34c79e0f-f566-44b0-989f-033227ff1d10